 Dungeon Crawl Stone Soup version 0.29-a0-925-g0a7a3d12f8 (webtiles) character file.

Game seed: 5534907886218369752

186 Newt the Covered (level 6, -1/52 HPs)
             Began as a Meteoran Fighter on July 29, 2022.
             Succumbed to dracfodder's ghost's poison
             ... on level 3 of the Dungeon.
             The game lasted 00:05:03 (1595 turns).

Newt the Covered (Meteoran Fighter)                 Turns: 1595, Time: 00:05:04

Health: -1/52      AC:  8    Str: 19    XL:     6   Next: 19%
Magic:  7/7        EV:  9    Int: 11    God:
Gold:   109        SH:  5    Dex: 13    Spells: 5/5 levels left

rFire   . . .      SeeInvis .   d - +2 whip (venom)
rCold   . . .      Faith    .   c - +0 buckler
rNeg    . . .      Spirit   .   b - +0 scale mail
rPois   .          Reflect  .   e - +0 helmet
rElec   .          Harm     .   (no cloak)
rCorr   .          Rampage  .   (no gloves)
Will    .....                   (no boots)
Stlth   ..........              (no amulet)
HPRegen 0.17/turn               (no ring)
MPRegen 0.10/turn               (no ring)

@: lethally poisoned (-1 -> -6), flying, glowing
A: sense surroundings 1, otherworldly, glowing, explore regen
a: no special abilities


You were on level 3 of the Dungeon.
You visited 1 branch of the dungeon, and saw 3 of its levels.

You collected 109 gold pieces.

Inventory:

Hand Weapons
 a - a +0 flail
 d - a +2 whip of venom (weapon)
Armour
 b - a +0 scale mail (worn)
 c - a +0 buckler (worn)
 e - a +0 helmet (worn)
Scrolls
 f - a scroll of silence {unknown}
 g - a scroll of butterflies {unknown}
 h - a scroll of fear {unknown}
 j - a scroll of teleportation {unknown}
 l - a scroll of identify
 m - a scroll of immolation {unknown}
Potions
 i - a potion of brilliance


   Skills:
 + Level 4.2 Fighting
 + Level 3.8(4.0) Maces & Flails
 - Level 1.2(2.5) Staves
 + Level 4.6 Armour
 + Level 1.3 Dodging
 + Level 4.2 Shields
 * Level 2.3 Evocations


You had 5 spell levels left.
You didn't know any spells.
Your spell library contained the following spells:

 Spells                   Type           Power      Damage    Failure   Level
 Summon Small Mammal      Summ           0%         N/A       78%         1
 Call Canine Familiar     Summ           0%         N/A       98%         3
 Summon Guardian Golem    Hex/Summ       0%         N/A       98%         3


Dungeon Overview and Level Annotations

Branches:
Dungeon (3/15) Zot: 175

Altars:

Annotations:
D:3 dracfodder's ghost, amateur GrEE


Innate Abilities, Weirdness & Mutations

You passively map a small area around you.
You are easily found by Zot.
You glow in the dark.
You regain HP and MP as you explore.


Message History

Dracfodder's ghost is heavily damaged.
You feel sick.
Dracfodder's ghost points at you and mumbles some strange words.
The blast of sand hits you but does no damage.
You hit dracfodder's ghost.
Dracfodder's ghost is severely damaged.
You feel sick.
You completely miss dracfodder's ghost.
Dracfodder's ghost is severely damaged.
You feel sick. You block dracfodder's ghost's attack.
You hit dracfodder's ghost but do no damage.
Dracfodder's ghost is severely damaged.
You feel sick. Dracfodder's ghost hits you!
* * * LOW HITPOINT WARNING * * *
You are lethally poisoned!
It was a potion of cancellation.
You feel magically purged.
* * * LOW HITPOINT WARNING * * *
You feel very sick.
Dracfodder's ghost hits you but does no damage.
It was a potion of flight.
You feel very buoyant.
You fly up into the air.
* * * LOW HITPOINT WARNING * * *
You feel sick. Dracfodder's ghost barely misses you.
Okay, then.
You hit dracfodder's ghost.
Dracfodder's ghost is almost destroyed.
* * * LOW HITPOINT WARNING * * *
You feel sick.
Dracfodder's ghost points at you and mumbles some strange words.
The blast of sand hits you.
* * * LOW HITPOINT WARNING * * *
You hit dracfodder's ghost.
Dracfodder's ghost is almost destroyed.
* * * LOW HITPOINT WARNING * * *
You feel sick.
Unknown command.
You barely miss dracfodder's ghost.
Dracfodder's ghost is almost destroyed.
You die...

#.#.###(...?...$
#######.#............. *
#..........##.#..####.
#................## *
#....(....©.......# *
###...#########...# ..
#..##8.....8##..##### * ...
#..#...W.....#......# ,
...###..#....@....#..###.# *
........#.........#..# *.###
........#....©....#..###...# *
........#.........#...<....#,
........#.........#........#,*
........#........©#....##.##
#######..##8.....8##.......# ,
#.........#########..........,
#........))÷..©.......#.#####


You could see dracfodder's ghost.

Vanquished Creatures
  A scorpion (D:3)
  Robin (D:2)
  4 adders
  A worm (D:2)
  A dart slug (D:2)
  An orc (D:3)
  4 endoplasms
  5 giant cockroaches
  10 goblins
  8 hobgoblins
  8 kobolds
  3 quokkas
  8 ball pythons
  4 bats
  4 frilled lizards
  8 rats
71 creatures vanquished.

Vanquished Creatures (others)
  A fungus (D:2)
  A plant (D:2)
2 creatures vanquished.

Grand Total: 73 creatures vanquished

Notes
Turn   | Place    | Note
-------+----------+-------------------------------------------
     0 | D:1      | Newt the Meteoran Fighter began the quest for the Orb.
     0 | D:1      | Reached XP level 1. HP: 19/19 MP: 2/2
    96 | D:1      | Reached XP level 2. HP: 26/26 MP: 3/3
   264 | D:1      | Reached XP level 3. HP: 30/31 MP: 4/4
   482 | D:1      | Glimpsed the power of Zot.
   529 | D:2      | Noticed Robin
   539 | D:2      | Reached skill level 1 in Evocations
   547 | D:2      | Reached skill level 1 in Staves
   555 | D:2      | Reached XP level 4. HP: 35/40 MP: 5/5
   620 | D:3      | Noticed dracfodder's ghost (amateur GrEE)
   677 | D:3      | Noticed a scorpion
   818 | D:2      | Found a faded altar of an unknown god.
   840 | D:2      | Killed Robin
   841 | D:2      | Reached skill level 1 in Dodging
   878 | D:2      | Reached XP level 5. HP: 20/46 MP: 6/6
  1339 | D:3      | Found a transporter.
  1381 | D:3      | Found a transporter.
  1404 | D:3      | Reached XP level 6. HP: 37/52 MP: 7/7
  1593 | D:3      | HP: 2/52 [dracfodder's ghost/blast of sand (2)]
  1595 | D:3      | Succumbed to dracfodder's ghost's poison

Illustrated notes

Levels and vault maps discovered:
D:1:      dpeg_arrival_erosion, layout_basic, lemuel_another_geyser
D:2:      layout_basic, shapermc_ecumenical_altar_acropolis, uniq_robin
D:3:      layout_basic, gammafunk_ghost_arena, uniq_sigmund

Skill      XL: |  1  2  3  4  5 |
---------------+----------------+-----
Shields        | 4 |  4.2
Evocations     | 1 2 |  2.3
Staves         | 1 |  1.2
Armour         | 4 |  4.6
Fighting       | 4 |  4.2
Dodging        | 1 |  1.3
Maces & Flails | 3 |  3.8

Action                   |  1- 3 |  4- 6 || total
-------------------------+-------+-------++-------
Melee: Flail             |    82 |    14 ||    96
       Whip              |       |   106 ||   106
  Use: Potion            |     2 |     2 ||     4
       Scroll            |     2 |       ||     2
Armor: Scale mail        |    51 |    63 ||   114
Dodge: Dodged            |    37 |    37 ||    74
Block: Buckler           |    24 |    29 ||    53

Table legend: (Time is in decaauts)
 A = Elapsed time spent in this place.
 B = Non-inter-level travel time spent in this place.
 C = Inter-level travel time spent in this place.
 D = Time resting spent in this place.
 E = Time spent auto-exploring this place.
 F = Levels seen in this place.
 G = Mean time per level.
                   A        B        C        D        E       F      G
               +--------+--------+--------+--------+--------+-----+--------+
         Total |   1624 |   1596 |     28 |    390 |    677 |   3 |  541.3 |
       Dungeon |   1624 |   1596 |     28 |    390 |    677 |   3 |  541.3 |
               +--------+--------+--------+--------+--------+-----+--------+

Top non-repeatable levels by time:
     D:2: 628 daAuts
     D:1: 504 daAuts
     D:3: 491 daAuts
